LNP
MOCA REBELDES @ MAUNABO ARTILLEROS
09/26/1903
 
TOP OF THE 1ST
Moca Rebeldes batting - Pitching for Maunabo Artilleros : RHP Ted Lewis
Pitching: RHP Ted Lewis
Batting: RHB Miguel Cabrera 0-0: Called Strike
0-1: SINGLE (Line Drive, 9LS, EV 172 KM/H)
Batting: RHB Mateo Rodríguez 0-0: Called Strike
Miguel Cabrera steals 2nd base
0-1: Ball
1-1: Fly out, F6 (Line Drive, 6, EV 110 KM/H)
Lined into DP, 6-4 (Line Drive, 6, EV 110 KM/H)
Batting: RHB Jeremías López 0-0: Swinging Strike
0-1: Bunt for hit to 13 - play at first, batter safe!
Batting: LHB Sebastian Milling 0-0: Ball
Jeremías López steals 2nd base (no throw)
1-0: Ball
2-0: Foul Ball, location: 9LMF
2-1: Ground out 4-3 (Groundball, 4MD, EV 157 KM/H)
Top of the 1st over - 0 runs, 2 hits, 0 errors, 1 left on base; Moca 0 - Maunabo 0
BOTTOM OF THE 1ST
Maunabo Artilleros batting - Pitching for Moca Rebeldes : RHP Laertes Liza
Pitching: RHP Laertes Liza
Batting: LHB Cristóbal Soto 0-0: Ball
1-0: Foul Ball, location: 2F
1-1: Fly out, F7 (Line Drive, 7D, EV 167 KM/H)
Batting: SHB Rob Johns 0-0: Fly out, F7 (Flyball, 78D, EV 137 KM/H)
Batting: SHB Rick Rabinovich 0-0: Called Strike
0-1: Reached on error, E6 (Groundball, 6, EV 137 KM/H)
Batting: RHB José García 0-0: Swinging Strike
0-1: Fly out, F9 (Flyball, 9LM, EV 140 KM/H)
Bottom of the 1st over - 0 runs, 0 hits, 1 error, 1 left on base; Moca 0 - Maunabo 0
TOP OF THE 2ND
Moca Rebeldes batting - Pitching for Maunabo Artilleros : RHP Ted Lewis
Batting: RHB Justin Everett 0-0: Ball
1-0: Called Strike
1-1: Foul Ball, location: 9LDF
1-2: DOUBLE (Groundball, 3L, EV 160 KM/H)
Batting: LHB Matt McKeen 0-0: Sac Bunt to 23 - play at first, batter safe!
Justin Everett to third
Batting: RHB Enrique Veracruz 0-0: Called Strike
0-1: Foul Ball, location: 2F
0-2: Ball
1-2: SINGLE (Line Drive, 4MD, EV 153 KM/H)
Justin Everett scores
Matt McKeen to second
Batting: LHB Abelardo Díaz 0-0: Bunted foul
0-1: Sac Bunt to 5S - play at first, batter OUT! 5-4
Matt McKeen to third
Enrique Veracruz to second
Batting: RHB Daniel Álvarez 0-0: Foul Ball, location: 3F
0-1: Swinging Strike
0-2: Ball
1-2: SINGLE (Line Drive, 6MD, EV 159 KM/H)
Matt McKeen scores
Enrique Veracruz to third
Batting: RHB Miguel Cabrera 0-0: Ball
Daniel Álvarez steals 2nd base
1-0: Fly out, F8 (Line Drive, 8RM, EV 166 KM/H)
Runner from 3rd tags up, SCORES, no throw by CF
Batting: RHB Mateo Rodríguez 0-0: Ball
1-0: Called Strike
1-1: Fly out, F8 (Flyball, 8RM, EV 148 KM/H)
Top of the 2nd over - 3 runs, 4 hits, 0 errors, 1 left on base; Moca 3 - Maunabo 0
BOTTOM OF THE 2ND
Maunabo Artilleros batting - Pitching for Moca Rebeldes : RHP Laertes Liza
Batting: RHB Wes Layman 0-0: Called Strike
0-1: Ball
1-1: Ball
2-1: Foul Ball, location: 25FF
2-2: SINGLE (Groundball, 4, EV 168 KM/H) (infield hit)
Batting: RHB Eugenio Torres 0-0: Ball
1-0: Foul Ball, location: 2F
1-1: Called Strike
1-2: TRIPLE (Flyball, 9LD, EV 153 KM/H)
Wes Layman scores
Batting: RHB Édgar Cruz 0-0: Ball
1-0: Called Strike
1-1: Ball
2-1: Foul Ball, location: 2F
2-2: Fly out, F7 (Flyball, 78D, EV 128 KM/H)
Runner from 3rd tags up, SCORES, no throw by LF
Batting: RHB Rodrigo Amezquita 0-0: Ball
1-0: Ball
2-0: Reached on error, E5 (Groundball, 56, EV 180 KM/H)
Batting: RHB Ismael Molina 0-0: Ball
1-0: Ball
Wild Pitch!
Rodrigo Amezquita to third
2-0: Ball
3-0: Base on Balls
Batting: LHB Cristóbal Soto 0-0: Ball
1-0: Ball
2-0: SINGLE (Line Drive, 56D, EV 165 KM/H)
Rodrigo Amezquita scores
Ismael Molina to second
Batting: SHB Rob Johns 0-0: Ball
1-0: Called Strike
1-1: Fly out, F9 (Flyball, 9LS, EV 125 KM/H)
Batting: SHB Rick Rabinovich 0-0: SINGLE (Groundball, 56D, EV 162 KM/H)
Ismael Molina to third
Cristóbal Soto to second
Runner from 3rd tries for Home, SAFE, throw by LF to home
Batting: RHB José García 0-0: Called Strike
0-1: Ball
1-1: Fielders Choice at 2nd, U6 (Groundball, 6M, EV 137 KM/H)
Bottom of the 2nd over - 4 runs, 4 hits, 1 error, 2 left on base; Moca 3 - Maunabo 4
TOP OF THE 3RD
Moca Rebeldes batting - Pitching for Maunabo Artilleros : RHP Ted Lewis
Batting: RHB Jeremías López 0-0: Ball
1-0: Fly out, F8 (Flyball, 8LM, EV 127 KM/H)
Batting: LHB Sebastian Milling 0-0: Ball
1-0: Swinging Strike
1-1: Ball
2-1: Foul Ball, location: 2F
2-2: Ball
3-2: Foul Ball, location: 3F
3-2: SINGLE (Line Drive, 9LS, EV 145 KM/H)
Batting: RHB Justin Everett 0-0: Ball
Sebastian Milling steals 2nd base
1-0: Fly out, F4 (Popup, 13, EV 129 KM/H)
Batting: LHB Matt McKeen 0-0: Ball
1-0: DOUBLE (Line Drive, 7LS, EV 167 KM/H)
Sebastian Milling scores
Batting: RHB Enrique Veracruz 0-0: Ball
1-0: Ground out 4-3 (Groundball, 4, EV 140 KM/H)
Top of the 3rd over - 1 run, 2 hits, 0 errors, 1 left on base; Moca 4 - Maunabo 4
BOTTOM OF THE 3RD
Maunabo Artilleros batting - Pitching for Moca Rebeldes : RHP Laertes Liza
Batting: RHB Wes Layman 0-0: Called Strike
0-1: Ball
1-1: SINGLE (Groundball, 4D, EV 171 KM/H)
Batting: RHB Eugenio Torres 0-0: Called Strike
0-1: Bunted foul
0-2: Fielders Choice at 2nd, 1-6 (Groundball, 34S, EV 118 KM/H)
Batting: RHB Édgar Cruz 0-0: Foul Ball, location: 9LDF
0-1: Called Strike
0-2: Foul Ball, location: 25FF
0-2: Ball
1-2: Ball
2-2: Strikes out looking
Batting: RHB Rodrigo Amezquita 0-0: SINGLE (Groundball, 4MD, EV 164 KM/H)
Eugenio Torres to second
Runner from 2nd tries for 3rd, SAFE, throw by CF made to third
Rodrigo Amezquita to second
Batting: RHB Ismael Molina 0-0: Ball
1-0: Swinging Strike
1-1: Fly out, F9 (Line Drive, 9, EV 161 KM/H)
Bottom of the 3rd over - 0 runs, 2 hits, 0 errors, 2 left on base; Moca 4 - Maunabo 4
TOP OF THE 4TH
Moca Rebeldes batting - Pitching for Maunabo Artilleros : RHP Ted Lewis
Batting: LHB Abelardo Díaz 0-0: Ball
1-0: Swinging Strike
1-1: Fly out, F4 (Line Drive, 4M, EV 107 KM/H)
Batting: RHB Daniel Álvarez 0-0: Foul Ball, location: 5F
0-1: Swinging Strike
0-2: Ball
1-2: Foul Ball, location: 9LDF
1-2: Foul Ball, location: 23F
1-2: Ball
2-2: Reached on error, E6 (Groundball, 6M, EV 166 KM/H)
Batting: RHB Miguel Cabrera 0-0: Ball
Daniel Álvarez steals 2nd base
1-0: Called Strike
1-1: Called Strike
1-2: Foul Ball, location: 9LMF
1-2: Strikes out swinging
Batting: RHB Mateo Rodríguez 0-0: Ball
1-0: Called Strike
1-1: Fly out, F8 (Flyball, 8RM, EV 150 KM/H)
Top of the 4th over - 0 runs, 0 hits, 1 error, 1 left on base; Moca 4 - Maunabo 4
BOTTOM OF THE 4TH
Maunabo Artilleros batting - Pitching for Moca Rebeldes : RHP Laertes Liza
Batting: LHB Cristóbal Soto 0-0: Ground out 4-3 (Groundball, 34, EV 165 KM/H)
Batting: SHB Rob Johns 0-0: Called Strike
0-1: Ball
1-1: Foul Ball, location: 2F
1-2: Ground out U3 (Groundball, 3L, EV 160 KM/H)
Batting: SHB Rick Rabinovich 0-0: Ground out 5-3 (Groundball, 56S, EV 132 KM/H)
Bottom of the 4th over - 0 runs, 0 hits, 0 errors, 0 left on base; Moca 4 - Maunabo 4
TOP OF THE 5TH
Moca Rebeldes batting - Pitching for Maunabo Artilleros : RHP Ted Lewis
Batting: RHB Jeremías López 0-0: Called Strike
0-1: Ball
1-1: Ball
2-1: Ball
3-1: SINGLE (Groundball, 6MD, EV 153 KM/H)
Batting: LHB Sebastian Milling 0-0: Ball
1-0: Foul Ball, location: 2F
1-1: Called Strike
1-2: Ball
2-2: Foul Ball, location: 2F
2-2: Foul Ball, location: 2F
2-2: Ball
3-2: Fly out, F8 (Flyball, 78D, EV 161 KM/H)
Batting: RHB Justin Everett 0-0: Ball
Jeremías López is caught stealing 2nd base 2-4
1-0: Called Strike
1-1: Ball
2-1: Foul Ball, location: 5F
2-2: Strikes out swinging
Top of the 5th over - 0 runs, 1 hit, 0 errors, 0 left on base; Moca 4 - Maunabo 4
BOTTOM OF THE 5TH
Maunabo Artilleros batting - Pitching for Moca Rebeldes : RHP Laertes Liza
Batting: RHB José García 0-0: Ball
1-0: Foul Ball, location: 2F
1-1: Ball
2-1: Foul Ball, location: 3SF
2-2: Fly out, F9 (Flyball, 89M, EV 160 KM/H)
Batting: RHB Wes Layman 0-0: Foul Ball, location: 5F
0-1: Ground out U3 (Groundball, 34S, EV 141 KM/H)
Batting: RHB Eugenio Torres 0-0: Swinging Strike
0-1: Swinging Strike
0-2: Foul Ball, location: 5FF
0-2: Strikes out swinging
Bottom of the 5th over - 0 runs, 0 hits, 0 errors, 0 left on base; Moca 4 - Maunabo 4
TOP OF THE 6TH
Moca Rebeldes batting - Pitching for Maunabo Artilleros : RHP Ted Lewis
Batting: LHB Matt McKeen 0-0: Ball
1-0: Fly out, F6 (Flyball, 56D, EV 153 KM/H)
Batting: RHB Enrique Veracruz 0-0: Foul Ball, location: 2F
0-1: Ball
1-1: Foul Ball, location: 9LSF
1-2: Ball
2-2: Foul Ball, location: 9LMF
2-2: Ground out 5-3 (Groundball, 5L, EV 131 KM/H)
Batting: LHB Abelardo Díaz 0-0: Ball
1-0: Foul Ball, location: 7LDF
1-1: Fly out, F4 (Line Drive, 4M, EV 105 KM/H)
Top of the 6th over - 0 runs, 0 hits, 0 errors, 0 left on base; Moca 4 - Maunabo 4
BOTTOM OF THE 6TH
Maunabo Artilleros batting - Pitching for Moca Rebeldes : RHP Laertes Liza
Batting: RHB Édgar Cruz 0-0: Ball
1-0: Called Strike
1-1: Called Strike
1-2: Ball
2-2: Fly out, F6 (Popup, 6D, EV 102 KM/H)
Batting: RHB Rodrigo Amezquita 0-0: Called Strike
0-1: Swinging Strike
0-2: Ball
1-2: Foul Ball, location: 3FF
1-2: Reached on error, E3 (Line Drive, 3, EV 108 KM/H)
Batting: RHB Ismael Molina 0-0: Ball
Rodrigo Amezquita is caught stealing 2nd base 2-4
1-0: Called Strike
1-1: Fly out, F4 (Popup, 4, EV 107 KM/H)
Bottom of the 6th over - 0 runs, 0 hits, 1 error, 0 left on base; Moca 4 - Maunabo 4
TOP OF THE 7TH
Moca Rebeldes batting - Pitching for Maunabo Artilleros : RHP Ted Lewis
Batting: RHB Daniel Álvarez 0-0: Foul Ball, location: 2RF
0-1: Ball
1-1: Called Strike
1-2: SINGLE (Line Drive, 9LS, EV 153 KM/H)
Batting: RHB Miguel Cabrera 0-0: Called Strike
Daniel Álvarez steals 2nd base
0-1: Called Strike
0-2: Ground out 6-3 (Groundball, 6, EV 166 KM/H)
Daniel Álvarez to third
Pinch Hitting: LHB Anatolio Contreras 0-0: Called Strike
0-1: Ball
1-1: Ball
2-1: Swinging Strike
2-2: DOUBLE (Flyball, 8LXD, EV 169 KM/H)
Daniel Álvarez scores
Batting: RHB Jeremías López 0-0: Ball
1-0: Foul Ball, location: 2F
1-1: Ground out 4-3 (Groundball, 4MD, EV 165 KM/H)
Batting: LHB Sebastian Milling 0-0: Ball
1-0: Ground out U3 (Groundball, 34, EV 155 KM/H)
Top of the 7th over - 1 run, 2 hits, 0 errors, 1 left on base; Moca 5 - Maunabo 4
BOTTOM OF THE 7TH
Maunabo Artilleros batting - Pitching for Moca Rebeldes : RHP Laertes Liza
Now in CF: Osiris Mena
Batting: LHB Cristóbal Soto 0-0: Swinging Strike
0-1: Ball
1-1: Ground out 4-3 (Groundball, 4, EV 141 KM/H)
Batting: SHB Rob Johns 0-0: TRIPLE (Line Drive, 89XD, EV 169 KM/H)
Batting: SHB Rick Rabinovich 0-0: Called Strike
0-1: Swinging Strike
0-2: Strikes out swinging
Batting: RHB José García 0-0: Ball
1-0: Ground out 4-3 (Groundball, 4S, EV 109 KM/H)
Bottom of the 7th over - 0 runs, 1 hit, 0 errors, 1 left on base; Moca 5 - Maunabo 4
TOP OF THE 8TH
Moca Rebeldes batting - Pitching for Maunabo Artilleros : RHP Ted Lewis
Batting: RHB Justin Everett 0-0: Foul Ball, location: 2F
0-1: Ball
1-1: TRIPLE (Line Drive, 7LD, EV 176 KM/H)
Batting: LHB Matt McKeen 0-0: Called Strike
0-1: Foul Ball, location: 2F
0-2: Ball
1-2: Fly out, F8 (Flyball, 78M, EV 128 KM/H)
Runner from 3rd tags up, OUT at HOME! 8-2
Batting: RHB Enrique Veracruz 0-0: Ball
1-0: Foul Ball, location: 9LSF
1-1: Ball
2-1: Ground out 5-3 (Groundball, 56, EV 162 KM/H)
Top of the 8th over - 0 runs, 1 hit, 0 errors, 0 left on base; Moca 5 - Maunabo 4
BOTTOM OF THE 8TH
Maunabo Artilleros batting - Pitching for Moca Rebeldes : RHP Laertes Liza
Now at 1B: Ascanio Hernández
Now in RF: Justin Everett
Batting: RHB Wes Layman 0-0: Called Strike
0-1: Ball
1-1: Ball
2-1: Fly out, F8 (Line Drive, 8LM, EV 162 KM/H)
Pinch Hitting: RHB Macario González 0-0: Called Strike
0-1: Ball
1-1: Ball
2-1: Foul Ball, location: 2F
2-2: Fly out, F4 (Popup, 4S, EV 109 KM/H)
Batting: RHB Édgar Cruz 0-0: Ball
1-0: Ball
2-0: Foul Ball, location: 2F
2-1: Ball
3-1: Called Strike
3-2: Base on Balls
Pinch Hitting: LHB Juan López 0-0: Ball
1-0: Called Strike
1-1: Ball
2-1: Ball
3-1: Swinging Strike
3-2: Foul Ball, location: 2F
3-2: Fly out, F8 (Line Drive, 8RD, EV 142 KM/H)
Bottom of the 8th over - 0 runs, 0 hits, 0 errors, 1 left on base; Moca 5 - Maunabo 4
TOP OF THE 9TH
Moca Rebeldes batting - Pitching for Maunabo Artilleros : RHP Ted Lewis
Now at 2B: Juan López
Now at 3B: Kwame Mafole
Batting: LHB Abelardo Díaz 0-0: Ball
1-0: Called Strike
1-1: Fly out, F7 (Line Drive, 5D, EV 106 KM/H)
Batting: RHB Daniel Álvarez 0-0: Called Strike
0-1: Ground out 6-3 (Groundball, 6, EV 140 KM/H)
Batting: RHB Ascanio Hernández 0-0: Ball
1-0: Called Strike
1-1: Ball
2-1: Fly out, F9 (Line Drive, 9, EV 148 KM/H)
Top of the 9th over - 0 runs, 0 hits, 0 errors, 0 left on base; Moca 5 - Maunabo 4
BOTTOM OF THE 9TH
Maunabo Artilleros batting - Pitching for Moca Rebeldes : RHP Laertes Liza
Pinch Hitting: LHB Petronio García 0-0: Ball
1-0: Foul Ball, location: 25F
1-1: Ball
2-1: Fly out, F7 (Flyball, 7, EV 142 KM/H)
Batting: LHB Cristóbal Soto 0-0: Ball
1-0: Foul Ball, location: 2F
1-1: Ball
2-1: TRIPLE (Line Drive, 8RXD, EV 168 KM/H)
Batting: SHB Rob Johns 0-0: Ground out 4-3 (Groundball, 34S, EV 103 KM/H)
Batting: SHB Rick Rabinovich 0-0: Called Strike
0-1: Ball
1-1: Ball
2-1: Ball
3-1: Base on Balls
Batting: RHB José García 0-0: Ball
1-0: Foul Ball, location: 2F
1-1: Foul Ball, location: 2F
1-2: SINGLE (Groundball, 34D, EV 159 KM/H)
Cristóbal Soto scores
Rick Rabinovich to second
Runner from 2nd tries for 3rd, SAFE, throw by RF made at trailing runner, OUT! 9-6
Bottom of the 9th over - 1 run, 2 hits, 0 errors, 1 left on base; Moca 5 - Maunabo 5
TOP OF THE 10TH
Moca Rebeldes batting - Pitching for Maunabo Artilleros : RHP Ted Lewis
Now at 2B: Milans Udris
Now at SS: Juan López
Batting: RHB Osiris Mena 0-0: Foul Ball, location: 2F
0-1: Ball
1-1: Foul Ball, location: 2F
1-2: Ball
2-2: Strikes out swinging
Batting: RHB Jeremías López 0-0: Called Strike
0-1: Called Strike
0-2: Foul Ball, location: 25F
0-2: Ball
1-2: Strikes out swinging
Batting: LHB Sebastian Milling 0-0: Ball
1-0: Ball
2-0: Foul Ball, location: 2F
2-1: TRIPLE (Flyball, 8RXD, EV 160 KM/H)
Batting: RHB Justin Everett 0-0: Ball
1-0: Called Strike
1-1: Ground out 6-3 (Groundball, 6, EV 148 KM/H)
Top of the 10th over - 0 runs, 1 hit, 0 errors, 1 left on base; Moca 5 - Maunabo 5
BOTTOM OF THE 10TH
Maunabo Artilleros batting - Pitching for Moca Rebeldes : RHP Laertes Liza
Batting: RHB Wes Layman 0-0: Fly out, F9 (Flyball, 9LM, EV 149 KM/H)
Batting: RHB Kwame Mafole 0-0: Called Strike
0-1: Foul Ball, location: 5F
0-2: Strikes out swinging
Batting: RHB Édgar Cruz 0-0: Foul Ball, location: 7LMF
0-1: Ball
1-1: Foul Ball, location: 2F
1-2: Foul Ball, location: 2F
1-2: Foul Ball, location: 3FF
1-2: Fly out, F9 (Flyball, 89M, EV 124 KM/H)
Bottom of the 10th over - 0 runs, 0 hits, 0 errors, 0 left on base; Moca 5 - Maunabo 5
TOP OF THE 11TH
Moca Rebeldes batting - Pitching for Maunabo Artilleros : RHP Ted Lewis
Batting: LHB Matt McKeen 0-0: Ball
1-0: Fly out, F7 (Line Drive, 7, EV 147 KM/H)
Batting: RHB Enrique Veracruz 0-0: Ball
1-0: Ball
2-0: Fly out, F7 (Flyball, 7, EV 153 KM/H)
Batting: LHB Abelardo Díaz 0-0: Called Strike
0-1: Reached on error, E6 (Groundball, 6, EV 161 KM/H)
Batting: RHB Daniel Álvarez 0-0: Ball
Abelardo Díaz steals 2nd base
1-0: Fly out, F6 (Line Drive, 6, EV 113 KM/H)
Top of the 11th over - 0 runs, 0 hits, 1 error, 1 left on base; Moca 5 - Maunabo 5
BOTTOM OF THE 11TH
Maunabo Artilleros batting - Pitching for Moca Rebeldes : RHP Laertes Liza
Batting: LHB Juan López 0-0: Swinging Strike
0-1: Ball
1-1: Ball
2-1: Foul Ball, location: 2F
2-2: Strikes out looking
Pinch Hitting: RHB Dacio López 0-0: Ball
1-0: Ball
2-0: SINGLE (Flyball, 8RS, EV 142 KM/H)
Batting: LHB Cristóbal Soto 0-0: Bunt missed!
0-1: Ball
1-1: Ball
2-1: Bunted foul
2-2: Fly out, F8 (Flyball, 8RM, EV 135 KM/H)
Batting: SHB Rob Johns 0-0: Called Strike
0-1: Ball
1-1: Ball
2-1: Foul Ball, location: 23FF
2-2: SINGLE (Groundball, 6S, EV 101 KM/H) (infield hit)
Dacio López to second
Batting: SHB Rick Rabinovich 0-0: Ball
1-0: Ball
2-0: Ground out U3 (Groundball, 3, EV 139 KM/H)
Bottom of the 11th over - 0 runs, 2 hits, 0 errors, 2 left on base; Moca 5 - Maunabo 5
TOP OF THE 12TH
Moca Rebeldes batting - Pitching for Maunabo Artilleros : RHP Ted Lewis
Now at 2B: Rob Johns
Now in RF: Pablo Zamora
Pinch Hitting: SHB Fernando Salazar 0-0: Called Strike
0-1: Ball
1-1: Fly out, F8 (Line Drive, 89D, EV 168 KM/H)
Batting: RHB Osiris Mena 0-0: Called Strike
0-1: Ball
1-1: Foul Ball, location: 25F
1-2: Strikes out swinging
Batting: RHB Jeremías López 0-0: Called Strike
0-1: Called Strike
0-2: SINGLE (Groundball, 6MD, EV 154 KM/H) (infield hit)
Batting: LHB Sebastian Milling 0-0: Foul Ball, location: 9LSF
0-1: Ball
1-1: SINGLE (Line Drive, 9S, EV 176 KM/H)
Jeremías López to second
Batting: RHB Justin Everett 0-0: Ball
1-0: Swinging Strike
1-1: Foul Ball, location: 2F
1-2: DOUBLE (Groundball, 5L, EV 167 KM/H)
Jeremías López scores
Sebastian Milling to third
Runner from 3rd tries for Home, SAFE, no throw by LF
Pitching: LHP Benjamín Centeno
Batting: LHB Matt McKeen 0-0: Ball
1-0: SINGLE (Groundball, 4MD, EV 171 KM/H)
Justin Everett to third
Throwing error, E8
Justin Everett scores
Matt McKeen to second
Batting: RHB Enrique Veracruz 0-0: Fly out, F7 (Flyball, 7D, EV 142 KM/H)
Top of the 12th over - 3 runs, 4 hits, 1 error, 1 left on base; Moca 8 - Maunabo 5
BOTTOM OF THE 12TH
Maunabo Artilleros batting - Pitching for Moca Rebeldes : RHP Laertes Liza
Now at 1B: Ricardo Castro
Batting: RHB José García 0-0: Called Strike
0-1: Foul Ball, location: 9LMF
0-2: Ball
1-2: Ball
2-2: Foul Ball, location: 9LDF
2-2: Ball
3-2: Foul Ball, location: 7LSF
3-2: Base on Balls
Batting: RHB Wes Layman 0-0: Called Strike
0-1: Grounds into double play, 6-4-3 (Groundball, 6, EV 167 KM/H)
Batting: RHB Kwame Mafole 0-0: Swinging Strike
0-1: Called Strike
0-2: SINGLE (Line Drive, 34D, EV 159 KM/H)
Pitching: RHP Eliseo Mercado
Batting: RHB Édgar Cruz 0-0: SINGLE (Groundball, 4MD, EV 157 KM/H)
Kwame Mafole to second
Batting: LHB Juan López 0-0: Ball
1-0: Ball
2-0: Ball
3-0: Called Strike
3-1: Ground out 4-3 (Groundball, 4S, EV 149 KM/H)
Bottom of the 12th over - 0 runs, 2 hits, 0 errors, 2 left on base; Moca 8 - Maunabo 5
Saturday, April 27th , 2024 - OOTP Baseball 25.3 Build 58